[Event "Titled Tuesday Blitz May 2 Late 2023"]
[White "Bjelobrk, Igor"]
[Black "Ladan, Nicholas"]
[WhiteFideId "4300726"]
[BlackFideId "30918855"]
[WhiteElo "2335"]
[BlackElo "2167"]
[Result "1/2-1/2"]
[Round "10"]
[TimeControl "180+2"]
[Date "2023.05.02"]
[WhiteClock "0:00:07"]
[BlackClock "0:00:04"]

1. d4 d5 2. c4 c6 3. Nf3 Nf6 4. Qc2 g6 5. cxd5 cxd5 6. Bf4 Nc6 7. e3 Qb6 8. Nc3 Bf5 9. Qb3 Nb4 10. Bb5+ Nc6 11. O-O Bg7 12. Nxd5 Nxd5 13. Qxd5 Be6 14. Qc5 Qxc5 15. dxc5 Bxb2 16. Rab1 Ba3 17. Ne5 O-O 18. Bxc6 bxc6 19. Nxc6 Bxc5 20. Rfc1 Ba3 21. Rc3 Rfc8 22. h3 Bd5 23. Rxa3 Rxc6 24. Rb5 e6 25. Bh6 f6 26. Rba5 Rc7 27. f3 g5 28. h4 gxh4 29. Kh2 Kf7 30. Bf4 Rb7 31. e4 Bc4 32. Rc5 Bf1 33. Rac3 Rb2 34. Rc2 Rxc2 35. Rxc2 e5 36. Be3 a6 37. Kh3 Kg6 38. Kxh4 Rb8 39. g4 Rb1 40. Kg3 Bd3 41. Rc6 Bb5 42. Rd6 h6 43. Bb6 Rb2 44. Bd8 Bf1 45. Rxf6+ Kg7 46. Rf5 Rg2+ 47. Kh4 Rh2+ 48. Kg3 Rg2+ 49. Kh4 Rh2+ 50. Kg3 Rg2+ 1/2-1/2


[Site "https://www.chess.com"]

[Event "Titled Tuesday Blitz May 2 Late 2023"]
[White "Suvorov, Luca"]
[Black "Bruedigam, Martin"]
[WhiteFideId "12977071"]
[BlackFideId "24608033"]
[WhiteElo "2202"]
[BlackElo "2331"]
[Result "1-0"]
[Round "10"]
[TimeControl "180+2"]
[Date "2023.05.02"]
[WhiteClock "0:01:02"]
[BlackClock "0:00:01"]

1. e4 c6 2. d4 d5 3. e5 Bf5 4. h4 Qc7 5. Nc3 h6 6. Bd3 Bxd3 7. Qxd3 e6 8. Nce2 c5 9. c3 Nc6 10. Nf3 cxd4 11. cxd4 Nb4 12. Qb5+ Qc6 13. Qxc6+ Nxc6 14. Bd2 Bb4 15. Rc1 Bxd2+ 16. Kxd2 Nge7 17. g4 h5 18. gxh5 Rxh5 19. Ng3 Rh6 20. h5 Kd7 21. Rcg1 Rc8 22. Rh4 Nb4 23. a3 Rc2+ 24. Ke3 Nbc6 25. Rb1 g6 26. hxg6 Rxh4 27. Nxh4 fxg6 28. Nf3 Nf5+ 29. Nxf5 gxf5 30. Ne1 Rc4 31. Nf3 Ne7 32. Kd3 Rc8 33. Rg1 Rg8 34. Rh1 Rg2 35. Ke3 Rg7 36. Rh8 Nc6 37. b4 a6 38. Rh6 Na7 39. Nd2 Nb5 40. Nb3 b6 41. a4 Na3 42. a5 Nc2+ 43. Kd2 Nxb4 44. axb6 Rg2 45. Nc5+ Kc6 46. b7 Rg8 47. Rxe6+ Kc7 48. Kc3 Nc6 49. Rd6 a5 50. Rd7+ Kb6 51. Rxd5 Rb8 52. Rd6 Kc7 53. Rd7+ Kb6 54. Rh7 Rd8 55. e6 Nxd4 56. b8=Q+ Rxb8 57. Kxd4 Rd8+ 58. Nd7+ Kc6 59. Ke5 a4 60. Rh3 a3 61. Rxa3 1-0


[Site "https://www.chess.com"]

[Event "Titled Tuesday Blitz May 2 Late 2023"]
[White "Elissalt Cardenas, Hector"]
[Black "Karas, Marek"]
[WhiteFideId "3500632"]
[BlackFideId "14928558"]
[WhiteElo "2202"]
[BlackElo "2233"]
[Result "0-1"]
[Round "10"]
[TimeControl "180+2"]
[Date "2023.05.02"]
[WhiteClock "0:00:02"]
[BlackClock "0:00:09"]

1. d4 Nf6 2. c4 c5 3. d5 b5 4. Nf3 g6 5. Qc2 bxc4 6. e4 d6 7. Bxc4 Bg7 8. O-O O-O 9. Nc3 Ba6 10. Bxa6 Nxa6 11. Bf4 Nd7 12. Qd2 Qb6 13. Rab1 Rfb8 14. Rfe1 c4 15. e5 dxe5 16. Nxe5 Nxe5 17. Bxe5 Bxe5 18. Rxe5 Rb7 19. Re4 Rc8 20. h4 Nb4 21. h5 Qf6 22. hxg6 hxg6 23. Qh6 Qg7 24. Qh3 Rbc7 25. Nb5 Rc5 26. Nxa7 Ra8 27. Nc6 Nxc6 28. dxc6 e6 29. Rd1 Rxc6 30. Rd7 g5 31. Qc3 Qxc3 32. bxc3 Rxa2 33. Rg4 Rc5 34. f4 Rc2 35. fxg5 Rxc3 36. g6 fxg6 37. Rxg6+ Kf8 38. Rxe6 Rc1+ 39. Kf2 Rf5+ 40. Ke2 Rf7 41. Rxf7+ Kxf7 42. Rc6 Ke7 43. Rc5 Kd6 44. Rc8 Kd5 45. g4 Rg1 46. Rd8+ Kc5 47. Rg8 Kd4 48. Kd2 Rg2+ 49. Kd1 Kc3 0-1


[Site "https://www.chess.com"]

[Event "Titled Tuesday Blitz May 2 Late 2023"]
[White "Osmonbekov, Talaibek"]
[Black "Stork, Oliver"]
[WhiteFideId "2017253"]
[BlackFideId "12955728"]
[WhiteElo "2135"]
[BlackElo "2239"]
[Result "1-0"]
[Round "10"]
[TimeControl "180+2"]
[Date "2023.05.02"]
[WhiteClock "0:00:13"]
[BlackClock "0:00:17"]

1. d4 Nf6 2. Bf4 d5 3. Nc3 e6 4. e3 c5 5. Nb5 Na6 6. c3 Bd7 7. a4 Bc6 8. Nf3 c4 9. b3 cxb3 10. Qxb3 Be7 11. Bd3 O-O 12. O-O Rc8 13. Nxa7 Ra8 14. Nb5 Nh5 15. Ne5 Nxf4 16. exf4 Nc7 17. f5 exf5 18. Bxf5 Rxa4 19. Nxc6 bxc6 20. Rxa4 Nxb5 21. Bd3 Nd6 22. Ra7 Bf6 23. h3 g6 24. Rfa1 Re8 25. Qb4 Bh4 26. Ra8 Qd7 27. Rxe8+ Nxe8 28. Ra8 Kg7 29. Qb8 Kf8 30. g3 Be7 31. Kg2 Bd6 32. Qd8 Qxd8 33. Rxd8 Ke7 34. Rc8 Kd7 35. Ra8 f5 36. h4 Nc7 37. Rh8 h5 38. Rh6 1-0


[Site "https://www.chess.com"]

[Event "Titled Tuesday Blitz May 2 Late 2023"]
[White "Yeritsyan, Hayk"]
[Black "Kalaiyalahan, Akshaya"]
[WhiteFideId "13307320"]
[BlackFideId "422894"]
[WhiteElo "2241"]
[BlackElo "2043"]
[Result "1-0"]
[Round "10"]
[TimeControl "180+2"]
[Date "2023.05.02"]
[WhiteClock "0:01:20"]
[BlackClock "0:00:45"]

1. d4 b6 2. Nf3 Bb7 3. Bf4 Nf6 4. e3 e6 5. Nbd2 d5 6. Bd3 Nbd7 7. c3 c5 8. O-O Ne4 9. Ne5 Ndf6 10. Bb5+ Ke7 11. Nc6+ Bxc6 12. Bxc6 Rc8 13. Bb7 Rc7 14. Bxc7 Qxc7 15. Ba6 c4 16. Bb5 Ng4 17. Qxg4 Nxd2 18. Rfe1 f5 19. Qe2 Ne4 20. Ba4 Kf7 21. Bc2 Bd6 22. g3 h6 23. Bxe4 fxe4 24. f3 Rf8 25. fxe4 dxe4 26. Rf1+ Kg8 27. Rxf8+ Bxf8 28. Qg4 Qc6 29. Rf1 Qd5 30. Qg6 Bd6 31. Rf7 Bf8 32. Rxa7 Qb5 33. Qf7+ 1-0


[Site "https://www.chess.com"]

[Event "Titled Tuesday Blitz May 2 Late 2023"]
[White "D`Arruda, Ricardo D."]
[Black "Jovic, Stanoje"]
[WhiteFideId "100692"]
[BlackFideId "905020"]
[WhiteElo "2271"]
[BlackElo "2236"]
[Result "1-0"]
[Round "10"]
[TimeControl "180+2"]
[Date "2023.05.02"]
[WhiteClock "0:00:39"]
[BlackClock "0:00:03"]

1. g3 d5 2. Bg2 c5 3. d3 Nc6 4. Nf3 e5 5. O-O Nf6 6. e4 d4 7. Nh4 Be7 8. Nd2 O-O 9. Nf5 b5 10. a4 b4 11. Nc4 Re8 12. Bg5 h6 13. Bd2 Bf8 14. g4 Na5 15. Nxa5 Qxa5 16. Qf3 Qa6 17. h4 c4 18. dxc4 Bxf5 19. Qxf5 Qxc4 20. Rfc1 Qe2 21. Bxh6 Qxg4 22. Qxg4 Nxg4 23. Bd2 a5 24. Bf1 Nf6 25. f3 Nh5 26. Bc4 Be7 27. Be1 Nf4 28. Kh2 Rec8 29. b3 Rc6 30. Bg3 Rh6 31. Bxf4 Rxh4+ 32. Kg2 exf4 33. Rh1 g5 34. Rxh4 gxh4 35. Kh3 Rc8 36. Rg1+ Kf8 37. Rg4 Bd6 38. Rxh4 Rc5 39. Rh7 Rg5 40. Rxf7+ Ke8 41. Rf6 Ke7 42. Rf5 Rg3+ 43. Kh4 Rxf3 44. e5 Bc5 45. Rf7+ Ke8 46. Rc7 Rg3 47. Rxc5 Rg1 48. e6 f3 49. Rc7 Re1 50. Kg3 Re3 51. Kf2 Kd8 52. Rd7+ Ke8 53. Rxd4 1-0


[Site "https://www.chess.com"]

[Event "Titled Tuesday Blitz May 2 Late 2023"]
[White "Todorovic, Bojan"]
[Black "Dobrowolski, Piotr"]
[WhiteFideId "917087"]
[BlackFideId "1106236"]
[WhiteElo "2266"]
[BlackElo "2320"]
[Result "0-1"]
[Round "10"]
[TimeControl "180+2"]
[Date "2023.05.02"]
[WhiteClock "0:01:11"]
[BlackClock "0:02:04"]

1. d4 e6 2. c4 c5 3. d5 exd5 4. cxd5 d6 5. Nc3 g6 6. Nf3 Bg7 7. Nd2 Na6 8. Nc4 Nf6 9. Bf4 O-O 10. e3 Ne8 11. h4 Nac7 12. a4 b6 13. Be2 Ba6 14. h5 Qd7 15. hxg6 fxg6 16. Bg4 Qe7 17. Qe2 Bxc3+ 18. bxc3 Nxd5 19. Bg5 Qxg5 0-1


[Site "https://www.chess.com"]

[Event "Titled Tuesday Blitz May 2 Late 2023"]
[White "Graif, William"]
[Black "Buchenau, Frank"]
[WhiteFideId "2609835"]
[BlackFideId "4604350"]
[WhiteElo "2205"]
[BlackElo "2157"]
[Result "1-0"]
[Round "10"]
[TimeControl "180+2"]
[Date "2023.05.02"]
[WhiteClock "0:00:05"]
[BlackClock "0:00:08"]

1. e4 e6 2. d4 d5 3. Be3 dxe4 4. f3 f5 5. Nd2 Nf6 6. fxe4 fxe4 7. Bc4 Nc6 8. c3 e5 9. Qb3 Bd6 10. Ne2 Qe7 11. O-O-O Ng4 12. Bg1 e3 13. Ne4 Rf8 14. h3 Nf2 15. Bxf2 exf2 16. Rhf1 exd4 17. Nxd6+ cxd6 18. Nxd4 Nxd4 19. cxd4 Bd7 20. Qxb7 Rc8 21. b3 d5 22. Qxd5 Be6 23. Qb5+ Qd7 24. Qxd7+ Kxd7 25. d5 Bg8 26. Rd2 Rc5 27. Kb2 Rf5 28. Rdxf2 Rxf2+ 29. Rxf2 Kd6 30. Rd2 Bxd5 31. Rxd5+ Rxd5 32. Bxd5 Kxd5 33. Kc3 a5 34. b4 axb4+ 35. Kxb4 h5 36. h4 Ke5 37. Kc5 Kf5 38. a4 Kg4 39. a5 Kxh4 40. a6 Kg3 41. a7 Kxg2 42. a8=Q+ Kg3 43. Qg8 h4 44. Qxg7+ Kh2 45. Qg4 h3 46. Kd4 Kh1 47. Qxh3+ 1-0


[Site "https://www.chess.com"]

[Event "Titled Tuesday Blitz May 2 Late 2023"]
[White "Tsyhanchuk, Stanislav"]
[Black "Liu, Eric"]
[WhiteFideId "13505130"]
[BlackFideId "30960240"]
[WhiteElo "2173"]
[BlackElo "2094"]
[Result "0-1"]
[Round "10"]
[TimeControl "180+2"]
[Date "2023.05.02"]
[WhiteClock "0:00:17"]
[BlackClock "0:02:02"]

1. c4 b6 2. Nc3 Bb7 3. d4 e6 4. e4 h5 5. f3 h4 6. Nh3 d6 7. Bd3 c5 8. d5 e5 9. O-O Be7 10. Nf2 Bg5 11. h3 Bxc1 12. Qxc1 Nd7 13. f4 exf4 14. Qxf4 Ne5 15. Ng4 Qe7 16. Nxe5 dxe5 17. Qf2 Nf6 18. Bc2 O-O 19. Qxh4 Nxd5 20. Qxe7 Nxe7 21. Nd5 Bxd5 22. exd5 Nc8 23. Rae1 f6 24. Bf5 Nd6 25. Be6+ Kh7 26. g4 Nxc4 27. g5 fxg5 28. Bf5+ g6 29. Be6 Rf4 30. b3 Nd2 31. Rxf4 gxf4 32. Kf2 e4 33. d6 Rd8 34. d7 Kg7 35. Bg4 e3+ 36. Ke2 Ne4 37. Kf3 Nf6 38. Rd1 g5 39. h4 gxh4 40. Kxf4 Nxg4 41. Kxg4 e2 42. Re1 Rxd7 43. Rxe2 Rd4+ 44. Kh3 Kf6 45. Rf2+ Ke5 46. Rf7 a5 47. Rb7 Rd6 48. Kxh4 Kd4 49. Re7 Kc3 50. Re2 b5 51. Re5 Rc6 52. Kg5 Kb2 53. Re2+ Ka3 54. Kf4 c4 55. bxc4 Rxc4+ 56. Ke5 Rb4 57. Kd5 Rb2 58. Re8 Kxa2 59. Kc5 a4 60. Ra8 a3 61. Ra5 b4 62. Kc4 b3 63. Ra4 Rh2 64. Ra8 Rh4+ 65. Kc3 Rh3+ 66. Kd2 b2 0-1


[Site "https://www.chess.com"]

[Event "Titled Tuesday Blitz May 2 Late 2023"]
[White "Bilan, Danila"]
[Black "Ardila, Oscar Humberto"]
[WhiteFideId "24161918"]
[BlackFideId "4404742"]
[WhiteElo "2182"]
[BlackElo "1918"]
[Result "1-0"]
[Round "10"]
[TimeControl "180+2"]
[Date "2023.05.02"]
[WhiteClock "0:00:03"]
[BlackClock "0:00:15"]

1. d4 Nf6 2. Nf3 g6 3. Bg5 Bg7 4. c3 h6 5. Bh4 O-O 6. Nbd2 d6 7. e4 Nbd7 8. Qc2 c6 9. a4 a5 10. Bc4 Qc7 11. O-O e5 12. Rfe1 Re8 13. Rad1 Nf8 14. Nf1 Be6 15. Ne3 Rad8 16. Bg3 Nh5 17. Bh4 Bf6 18. Bxf6 Nxf6 19. Bxe6 Nxe6 20. dxe5 dxe5 21. Nc4 Rxd1 22. Rxd1 Nc5 23. Nfd2 b5 24. Ne3 bxa4 25. f3 Qb6 26. Ndc4 Qa7 27. Kf1 Nh5 28. g3 Nf6 29. Kg2 Kg7 30. Rd6 Qc7 31. Qd1 Nb7 32. Rd2 Nc5 33. h4 Rb8 34. Rd6 Nb7 35. Rd2 Nc5 36. Rd6 Ne8 37. Rd2 Nb3 38. Rd7 Qc8 39. Nxe5 Nc5 40. Rxf7+ Kg8 41. N3c4 Qe6 42. Qd2 Nf6 43. Qxh6 Qxf7 44. Nxf7 Kxf7 45. Qe3 Ne6 46. Qa7+ Kg8 47. Qxb8+ 1-0


[Site "https://www.chess.com"]

[Event "Titled Tuesday Blitz May 2 Late 2023"]
[White "Papayan, Oleg"]
[Black "Gabdushev, Ruslan"]
[WhiteFideId "4193911"]
[BlackFideId "4137833"]
[WhiteElo "2153"]
[BlackElo "2233"]
[Result "0-1"]
[Round "10"]
[TimeControl "180+2"]
[Date "2023.05.02"]
[WhiteClock "0:00:16"]
[BlackClock "0:00:56"]

1. e4 Nc6 2. Nf3 d6 3. d4 Bg4 4. d5 Nb8 5. Nc3 c6 6. h3 Bxf3 7. Qxf3 Nd7 8. Bf4 Ngf6 9. O-O-O Qb6 10. Bc4 g6 11. Rhe1 Ne5 12. Bxe5 dxe5 13. d6 Rd8 14. d7+ Rxd7 15. Bxf7+ Kd8 16. Be6 Bh6+ 17. Kb1 Rxd1+ 18. Rxd1+ Kc7 19. Qg3 Bf4 20. Qh4 Rd8 21. Rxd8 Kxd8 22. a4 Qd4 23. a5 h5 24. g4 g5 0-1


[Site "https://www.chess.com"]

[Event "Titled Tuesday Blitz May 2 Late 2023"]
[White "Kohler, Aran"]
[Black "Pein, Jonathan"]
[WhiteFideId "1002856"]
[BlackFideId "417092"]
[WhiteElo "2010"]
[BlackElo "2151"]
[Result "1-0"]
[Round "10"]
[TimeControl "180+2"]
[Date "2023.05.02"]
[WhiteClock "0:01:10"]
[BlackClock "0:00:18"]

1. d4 Nf6 2. c3 d6 3. Bg5 Nbd7 4. Nd2 g6 5. e3 Bg7 6. Bd3 e5 7. Ngf3 h6 8. Bh4 g5 9. Bg3 Qe7 10. dxe5 dxe5 11. e4 Nh5 12. Bc2 b6 13. Qe2 a5 14. O-O-O Ba6 15. Bd3 Bxd3 16. Qxd3 O-O 17. h4 Nxg3 18. fxg3 g4 19. Ne1 Rad8 20. Qe2 h5 21. Nc2 Nc5 22. Nc4 Qe6 23. N2e3 b5 24. Nxa5 Qxa2 25. Nc6 Nb3+ 26. Kc2 Rd6 27. Rxd6 cxd6 28. Ne7+ Kh8 29. Qxb5 Na1+ 30. Kc1 Nb3+ 31. Kc2 Bh6 32. N3f5 Na1+ 33. Rxa1 Qxa1 34. Nxh6 Qg1 35. Qe2 Qa7 36. Nd5 Qa4+ 37. Kb1 Ra8 38. Nf5 Qa2+ 39. Kc2 Rb8 40. Nb4 Qa4+ 41. Kb1 Rc8 42. Qd2 Kg8 43. Qg5+ Kf8 44. Qg7+ Ke8 45. Qg8+ Kd7 46. Qxf7+ Kd8 47. Qe7# 1-0


[Site "https://www.chess.com"]

[Event "Titled Tuesday Blitz May 2 Late 2023"]
[White "Van Baar, Esper"]
[Black "Topalov, Aleksandar"]
[WhiteFideId "1049321"]
[BlackFideId "925659"]
[WhiteElo "2180"]
[BlackElo "2151"]
[Result "0-1"]
[Round "10"]
[TimeControl "180+2"]
[Date "2023.05.02"]
[WhiteClock "0:00:01"]
[BlackClock "0:00:06"]

1. e4 e6 2. d4 d5 3. Nd2 Nf6 4. e5 Ng8 5. Bd3 Ne7 6. c3 Qd7 7. Ne2 b6 8. O-O Ba6 9. Nf3 Bxd3 10. Qxd3 Nf5 11. Ng3 Nxg3 12. hxg3 Be7 13. Bg5 Nc6 14. Bxe7 Nxe7 15. a4 c5 16. a5 c4 17. Qc2 b5 18. a6 Rb8 19. b3 cxb3 20. Qxb3 O-O 21. Rfb1 Rfc8 22. Ra5 Rb6 23. Rxb5 Rxa6 24. Rb7 Qd8 25. Qb5 Rac6 26. Rxa7 Rxc3 27. Rd7 Qf8 28. Qb7 Nf5 29. Ng5 Nh6 30. f3 R3c4 31. Ra1 Rc1+ 32. Rxc1 Rxc1+ 33. Kh2 Rc8 34. Rc7 Rxc7 35. Qxc7 Nf5 36. Qc3 h6 37. g4 Nxd4 38. Qxd4 hxg5 39. Qe3 Qd8 40. g3 Kh7 41. f4 Kh6 42. f5 d4 43. Qe1 Qd5 0-1


[Site "https://www.chess.com"]

[Event "Titled Tuesday Blitz May 2 Late 2023"]
[White "Estremera Panos, Sergio"]
[Black "Vaglio Munoz, Jaime"]
[WhiteFideId "2200864"]
[BlackFideId "6500145"]
[WhiteElo "2253"]
[BlackElo "2199"]
[Result "1-0"]
[Round "10"]
[TimeControl "180+2"]
[Date "2023.05.02"]
[WhiteClock "0:00:10"]
[BlackClock "0:00:14"]

1. d4 c6 2. c4 b5 3. cxb5 cxb5 4. e4 Bb7 5. Bd3 Nf6 6. Qe2 Nc6 7. Nf3 Nb4 8. d5 Nxd3+ 9. Qxd3 a6 10. O-O d6 11. Bg5 Nd7 12. Nbd2 h6 13. Bf4 g6 14. Rac1 Bg7 15. Qc2 Rc8 16. Qb3 Nc5 17. Qa3 g5 18. Be3 Na4 19. Bd4 O-O 20. Bxg7 Kxg7 21. Nd4 Rxc1 22. Rxc1 Bc8 23. Qg3 Qb6 24. N2f3 Nc5 25. Re1 Nd3 26. Rd1 Nxb2 27. Rb1 Nd3 28. Nxg5 hxg5 29. Qxg5+ Kh7 30. Qh4+ Kg7 31. Qg3+ Kh7 32. Qxd3 Rg8 33. e5+ Rg6 34. e6 fxe6 35. h4 Kg7 36. Re1 e5 37. Nf5+ Bxf5 38. Qxf5 Qd8 39. h5 Rf6 40. Qg5+ Kf7 41. Re3 Qh8 42. Rg3 Qh7 43. Qh4 Qf5 44. Rf3 Qb1+ 45. Kh2 Rxf3 46. gxf3 Qf5 47. h6 Kg8 48. Qg3+ Kf8 49. Qg7+ Ke8 50. h7 Qh5+ 51. Kg1 Kd7 52. h8=Q Qxf3 53. Qhg8 Qd1+ 54. Kg2 Qxd5+ 55. Qxd5 e4 56. Qxe4 d5 57. Qexe7+ Kc6 58. Qgf6# 1-0


[Site "https://www.chess.com"]

[Event "Titled Tuesday Blitz May 2 Late 2023"]
[White "Hoffmann, Asa"]
[Black "Ferriz Barrios, Andres"]
[WhiteFideId "2001470"]
[BlackFideId "5104467"]
[WhiteElo "2117"]
[BlackElo "2102"]
[Result "0-1"]
[Round "10"]
[TimeControl "180+2"]
[Date "2023.05.02"]
[WhiteClock "0:00:03"]
[BlackClock "0:00:55"]

1. d4 e6 2. e4 d5 3. e5 c5 4. Nf3 Nc6 5. Bd3 Qb6 6. O-O Bd7 7. c3 cxd4 8. cxd4 Nb4 9. Nc3 Rc8 10. Bf4 Nxd3 11. Qxd3 Ne7 12. Rab1 Ng6 13. Bg3 Be7 14. h4 Bb4 15. h5 Ne7 16. h6 gxh6 17. Bh4 Nf5 18. Bf6 Rg8 19. Rfc1 Be7 20. Ne2 Bc6 21. Nf4 Bxf6 22. exf6 Qc7 23. Ne5 Qd8 24. Nxe6 fxe6 25. f7+ Ke7 26. fxg8=Q Qxg8 27. Qa3+ Kf6 28. Qh3 Qg5 29. Nf3 Qf4 30. Re1 Rg8 31. Re5 Bd7 32. Rbe1 Rg6 33. Rxf5+ Qxf5 34. Qh4+ Kg7 35. Qd8 Qxf3 36. Qxd7+ Qf7 37. Qd6 Rf6 38. Re3 Rf5 39. Rg3+ Rg5 40. Qe5+ Qf6 41. Qc7+ Qf7 42. Qe5+ Qf6 43. Qc7+ Kg6 44. Rxg5+ hxg5 45. Qxb7 Qxd4 46. Qe7 Qf6 47. Qxa7 Qxb2 48. Qe7 Qf6 49. Qd6 Kf5 50. a4 Qa1+ 51. Kh2 Qxa4 52. Qf8+ Ke5 53. Qg7+ Kf5 54. Qxh7+ Kg4 55. Qh3+ Kf4 56. Qe3+ Kf5 57. g3 Qe4 58. Qa7 Qf3 59. Qf7+ Ke4 60. Qxe6+ Kd3 61. Qe1 d4 62. Kg1 Qe2 63. Qxe2+ Kxe2 64. f4 gxf4 65. gxf4 d3 66. f5 d2 0-1


[Site "https://www.chess.com"]

[Event "Titled Tuesday Blitz May 2 Late 2023"]
[White "Ocelak, Jakub"]
[Black "Chemin, Justo Reinaldo"]
[WhiteFideId "23707933"]
[BlackFideId "2101580"]
[WhiteElo "2044"]
[BlackElo "1940"]
[Result "0-1"]
[Round "10"]
[TimeControl "180+2"]
[Date "2023.05.02"]
[WhiteClock "0:00:02"]
[BlackClock "0:00:13"]

1. b3 d6 2. Bb2 e5 3. c4 g6 4. g3 Bg7 5. Bg2 Ne7 6. Nc3 O-O 7. e3 c6 8. Nge2 f5 9. O-O Be6 10. d4 e4 11. d5 Bf7 12. Nd4 cxd5 13. cxd5 Nxd5 14. Ndb5 Nxc3 15. Bxc3 Bxc3 16. Nxc3 d5 17. Qd2 Nc6 18. Rfd1 Ne7 19. Rac1 Qd7 20. Na4 b6 21. Bf1 Rfd8 22. Ba6 Rab8 23. Be2 Qe6 24. h4 Rbc8 25. Ba6 Rxc1 26. Rxc1 Qe5 27. Kg2 d4 28. exd4 Rxd4 29. Qc3 Nd5 30. Qc8+ Kg7 31. Nb2 e3 32. Nc4 Qe4+ 33. f3 Qd3 34. Qb8 Nf6 35. Qe5 Qe2+ 36. Kh3 Rd2 37. Nxd2 exd2 38. Qxe2 dxc1=Q 39. Kg2 Qc5 40. a4 Qd6 41. Bd3 f4 42. g4 Nd5 43. Kh3 Ne3 44. Qb2+ Qf6 45. Qd2 h5 46. g5 Qe6+ 47. Kh2 Qd5 48. Qe2 Qxb3 49. Be4 Qe6 50. Qb2+ Kh7 51. Qd4 Qa2+ 0-1


[Site "https://www.chess.com"]

[Event "Titled Tuesday Blitz May 2 Late 2023"]
[White "Ricaurte Lopez, Juan Carlos"]
[Black "Kula, Robert"]
[WhiteFideId "3600327"]
[BlackFideId "1101218"]
[WhiteElo "2200"]
[BlackElo "2180"]
[Result "0-1"]
[Round "10"]
[TimeControl "180+2"]
[Date "2023.05.02"]
[WhiteClock "0:00:13"]
[BlackClock "0:00:53"]

1. e4 e5 2. d4 exd4 3. c3 dxc3 4. Nxc3 d6 5. Bc4 Be6 6. Bxe6 fxe6 7. Qb3 Qc8 8. Nf3 Nc6 9. Ng5 Nd8 10. f4 h6 11. Nf3 Nf6 12. O-O Be7 13. Kh1 O-O 14. Be3 c6 15. f5 d5 16. fxe6 Qxe6 17. Rae1 dxe4 18. Qxe6+ Nxe6 19. Nd2 Ng4 20. Ncxe4 Nxe3 21. Rxe3 Rxf1+ 22. Nxf1 Nc5 23. Neg3 Bf6 24. b3 Rd8 25. Re1 Nd3 26. Re2 Nc1 27. Rc2 Rd1 28. a4 Be5 29. Kg1 Nxb3 30. Kf2 Ra1 31. Ne3 Rxa4 32. Nef5 Nd4 33. Rd2 c5 34. Ne4 Nxf5 0-1


[Site "https://www.chess.com"]

[Event "Titled Tuesday Blitz May 2 Late 2023"]
[White "De Souza, Cristiano Gomes"]
[Black "Grinev, Valeriy"]
[WhiteFideId "2151758"]
[BlackFideId "14117517"]
[WhiteElo "2068"]
[BlackElo "2366"]
[Result "1/2-1/2"]
[Round "10"]
[TimeControl "180+2"]
[Date "2023.05.02"]
[WhiteClock "0:01:50"]
[BlackClock "0:02:05"]

1. d4 c5 2. d5 d6 3. c4 g6 4. Nf3 Bg7 5. g3 Nf6 6. Bg2 O-O 7. Nc3 a6 8. O-O b5 9. cxb5 axb5 10. Nxb5 Ba6 11. Nc3 Nbd7 12. Re1 Qa5 13. Bd2 Qc7 14. b3 Rfb8 15. Rc1 Qd8 16. e4 c4 17. Nd4 Nxd5 18. Nc6 Nxc3 19. Bxc3 Qe8 20. Nxb8 Bxc3 21. Nxa6 Bxe1 22. Nc7 Qb8 23. Nxa8 Bb4 24. Rxc4 Bc5 25. e5 Nxe5 26. Rxc5 dxc5 27. a4 e6 28. a5 c4 29. bxc4 Nxc4 30. Nb6 Nxb6 31. axb6 Qxb6 32. h4 h5 33. Be4 Qb2 34. Kg2 Qf6 35. Qf3 Qe5 36. Qe3 Kg7 37. Kf3 Qf6+ 38. Qf4 Qc3+ 39. Qe3 Qf6+ 40. Ke2 Qb2+ 41. Kf3 Qf6+ 1/2-1/2


[Site "https://www.chess.com"]

[Event "Titled Tuesday Blitz May 2 Late 2023"]
[White "Kostiukov, Alexandr"]
[Black "Martic, Ivan"]
[WhiteFideId "14108100"]
[BlackFideId "929301"]
[WhiteElo "2202"]
[BlackElo "2360"]
[Result "1-0"]
[Round "10"]
[TimeControl "180+2"]
[Date "2023.05.02"]
[WhiteClock "0:01:33"]
[BlackClock "0:02:11"]

1. g3 e5 2. Bg2 d5 3. c4 d4 4. d3 Nc6 5. Nf3 Bb4+ 6. Bd2 a5 7. O-O Nf6 8. e3 O-O 9. exd4 exd4 10. Bf4 h6 11. Na3 Bf5 12. Nb5 Ne8 13. h3 Bc5 14. Re1 Rc8 15. Ne5 Nxe5 16. Rxe5 c6 17. Rxc5 Bd7 18. Nd6 Nxd6 19. Bxd6 Re8 20. Re5 Be6 21. c5 1-0


[Site "https://www.chess.com"]

[Event "Titled Tuesday Blitz May 2 Late 2023"]
[White "Rottenwohrer Suarez, Juan"]
[Black "Cooklev, Steven"]
[WhiteFideId "32068182"]
[BlackFideId "2050552"]
[WhiteElo "2174"]
[BlackElo "2039"]
[Result "0-1"]
[Round "10"]
[TimeControl "180+2"]
[Date "2023.05.02"]
[WhiteClock "0:00:02"]
[BlackClock "0:00:05"]

1. d4 Nf6 2. c4 e6 3. Nc3 Bb4 4. Qc2 d5 5. cxd5 exd5 6. Bg5 O-O 7. e3 Be6 8. Bd3 Nbd7 9. Ne2 h6 10. Bh4 c5 11. O-O Rc8 12. Qb3 Qa5 13. a3 Bxc3 14. Qxc3 Qxc3 15. bxc3 Ne4 16. f3 Nd2 17. Rfd1 Nb3 18. Rab1 Na5 19. Nf4 g5 20. Nxe6 fxe6 21. Bg3 cxd4 22. cxd4 Nb6 23. Be1 Nac4 24. Bb4 Nxe3 25. Re1 Nec4 26. Bxf8 Rxf8 27. Rxe6 Nxa3 28. Ra1 Nbc4 29. Bxc4 Nxc4 30. Rxa7 Rb8 31. Rxh6 Kg7 32. Re6 Kf7 33. Re1 Kf6 34. Rb1 b5 35. Kf2 b4 36. Ra2 b3 37. Re2 b2 38. g3 Rb4 39. h4 gxh4 40. gxh4 Rb7 41. Kg2 Rh7 42. Kh3 Rb7 43. Kg3 Kf5 44. h5 Rg7+ 45. Kf2 Rb7 46. h6 Kg6 47. Re6+ Kf5 48. Rc6 Nd2 49. Rxb2 Rxb2 50. Kg3 Nf1+ 51. Kh3 Rh2# 0-1


[Site "https://www.chess.com"]

[Event "Titled Tuesday Blitz May 2 Late 2023"]
[White "Stanisz, Patryk"]
[Black "Marcziter, Dmitrii"]
[WhiteFideId "1123106"]
[BlackFideId "13900765"]
[WhiteElo "2069"]
[BlackElo "2162"]
[Result "1-0"]
[Round "10"]
[TimeControl "180+2"]
[Date "2023.05.02"]
[WhiteClock "0:00:04"]
[BlackClock "0:00:16"]

1. d4 d5 2. c4 e6 3. Nf3 c5 4. Nc3 Nc6 5. e3 Nf6 6. a3 a6 7. dxc5 Bxc5 8. b4 Ba7 9. Bb2 d4 10. exd4 Nxd4 11. Nxd4 Bxd4 12. Be2 O-O 13. O-O e5 14. Na4 Bxb2 15. Nxb2 Qe7 16. Re1 e4 17. c5 Rd8 18. Qc2 Bf5 19. Nc4 Rac8 20. Qb2 Bg6 21. Rad1 Rxd1 22. Rxd1 Re8 23. Qd4 h5 24. Qd6 Ng4 25. Qxe7 Rxe7 26. Rd8+ Kh7 27. Bxg4 hxg4 28. Kf1 f5 29. Nd6 f4 30. Rb8 f3 31. Rxb7 Re5 32. gxf3 exf3 33. h3 Bd3+ 34. Kg1 g3 35. fxg3 Re2 36. Rf7 Rg2+ 37. Kh1 Rxg3 38. c6 Rxh3+ 39. Kg1 a5 40. c7 Ba6 41. Re7 axb4 42. axb4 Rh6 43. b5 Rf6 44. bxa6 f2+ 45. Kf1 Rxd6 46. c8=Q Rd1+ 47. Kxf2 Rd2+ 48. Ke3 Rh2 49. Qf5+ Kh6 50. Re6+ 1-0


[Site "https://www.chess.com"]

[Event "Titled Tuesday Blitz May 2 Late 2023"]
[White "Fuentes Godoy, Lilia Ivonne"]
[Black "Gatterer, Florian"]
[WhiteFideId "5104130"]
[BlackFideId "811688"]
[WhiteElo "2096"]
[BlackElo "2221"]
[Result "1/2-1/2"]
[Round "10"]
[TimeControl "180+2"]
[Date "2023.05.02"]
[WhiteClock "0:00:50"]
[BlackClock "0:01:38"]

1. d4 d5 2. c4 e6 3. Nf3 a6 4. g3 dxc4 5. Bg2 b5 6. O-O Bb7 7. a4 Nd7 8. axb5 axb5 9. Rxa8 Qxa8 10. b3 Ngf6 11. bxc4 b4 12. Qb3 c5 13. Be3 Be7 14. Nbd2 O-O 15. Qb2 cxd4 16. Bxd4 Bc5 17. Ra1 Qc8 18. Nb3 Bxd4 19. Qxd4 Rd8 1/2-1/2


[Site "https://www.chess.com"]

[Event "Titled Tuesday Blitz May 2 Late 2023"]
[White "Broca Jimenez, Fernando"]
[Black "Gerbelli Neto, Eduardo"]
[WhiteFideId "5104742"]
[BlackFideId "2103281"]
[WhiteElo "2062"]
[BlackElo "2178"]
[Result "0-1"]
[Round "10"]
[TimeControl "180+2"]
[Date "2023.05.02"]
[WhiteClock "0:01:10"]
[BlackClock "0:00:55"]

1. e4 e5 2. Nf3 Nc6 3. Bb5 a6 4. Ba4 d6 5. O-O Bg4 6. h3 h5 7. c3 Qf6 8. d3 Ne7 9. Nbd2 Ng6 10. Re1 Nf4 11. Nf1 Nxh3+ 12. gxh3 Bxf3 13. Qd2 Rh6 14. Ng3 Rg6 15. Kh2 h4 16. Rf1 Qe6 17. Qe3 Qf6 18. d4 b5 19. d5 Na5 20. Bb3 Be7 21. Bd2 Kd7 22. Bc2 Nc4 23. Qe1 Rh8 24. a4 hxg3+ 25. fxg3 Rxh3+ 26. Kxh3 Rh6+ 27. Bxh6 Qxh6# 0-1


[Site "https://www.chess.com"]